 Dungeon Crawl Stone Soup version 0.20.1-1-g8b1a95d (webtiles) character file.

13481 Gargoyl the Cleaver (level 11, -5/95 HPs)
             Began as a Minotaur Abyssal Knight on Oct 10, 2017.
             Was a Priest of Lugonu.
             Slain by a blink frog (10 damage)
             ... on level 3 of the Lair of Beasts.
             The game lasted 00:27:26 (14211 turns).

Gargoyl the Cleaver (Minotaur Abyssal Knight)      Turns: 14211, Time: 00:27:27

Health: -5/95      AC: 23    Str: 23    XL:     11   Next: 76%
Magic:  16/16      EV:  8    Int:  9    God:    Lugonu [***...]
Gold:   546        SH: 20    Dex: 12    Spells: 10/10 levels left

rFire    + . .     SeeInvis .   a - +4 hand axe
rCold    . . .     Gourm    .   r - +2 large shield {AC+3}
rNeg     . . .     Faith    .   l - +0 plate armour
rPois    .         Spirit   .   w - +2 hat
rElec    .         Reflect  .   p - +0 cloak
rCorr    .         Harm     .   h - +0 pair of gloves
MR       .....                  (no boots)
Stlth    ..........             u - amulet of magic regeneration
Regen    0.3/turn               j - ring of protection from fire
MPRegen  0.3/turn               (no ring)

@: mighty
A: retaliatory headbutt, horns 2, repulsion field 1, deterioration 1, screaming
1
a: Depart the Abyss, Bend Space, Banish, Renounce Religion


You were on level 3 of the Lair of Beasts.
You worshipped Lugonu.
Lugonu was most pleased with you.
You were not hungry.

You visited 2 branches of the dungeon, and saw 11 of its levels.
You visited the Abyss 1 time.

You collected 672 gold pieces.
You spent 126 gold pieces at shops.

Inventory:

Hand Weapons
 a - a +4 hand axe (weapon)
Missiles
 o - 8 javelins (quivered)
Armour
 h - a +0 pair of gloves (worn)
 l - a +0 plate armour (worn)
 p - a +0 cloak (worn)
 r - a +2 large shield of protection (worn)
 w - a +2 hat (worn)
Jewellery
 j - a ring of protection from fire (left hand)
 u - an amulet of magic regeneration (around neck)
 z - a cursed amulet of inaccuracy {unknown}
Wands
 m - a wand of random effects (10/48)
 q - a wand of iceblast (15/15)
 s - a wand of flame (5/48)
 C - a wand of random effects (31/48)
 G - a wand of acid (9/15)
Scrolls
 e - 2 scrolls of identify
 f - 2 scrolls of amnesia
 g - 2 scrolls of teleportation
 t - 2 scrolls of remove curse
 x - a scroll of fear
 y - a scroll of recharging
 B - a scroll of enchant weapon
Potions
 d - a potion of brilliance
 n - 3 potions of curing
 v - 2 potions of cancellation
Books
 A - a book of Cantrips

   Spells                             Type                      Level
   a - Confusing Touch                Hexes                        1
   b - Animate Skeleton               Necromancy                   1
   c - Summon Small Mammal            Summoning                    1
   d - Apportation                    Translocation                1
 D - a book of Changes

   Spells                             Type                      Level
   a - Beastly Appendage              Transmutation                1
   b - Sticks to Snakes               Transmutation                2
   c - Spider Form                    Transmutation/Poison         3
   d - Ice Form                       Ice/Transmutation            4
   e - Blade Hands                    Transmutation                5
Comestibles
 b - 3 royal jellies
 c - 5 bread rations
 i - 2 meat rations
 k - 5 fruits
 E - a chunk of flesh


   Skills:
 + Level 8.4 Fighting
 + Level 11.3 Axes
 + Level 0.6 Throwing
 * Level 11.3 Armour
 + Level 4.0 Dodging
 + Level 10.1 Shields
 * Level 8.4 Invocations


You had 10 spell levels left.
You didn't know any spells.

Dungeon Overview and Level Annotations

Branches:
Dungeon (8/15)             Temple (0/1) D:7            Lair (3/6) D:8
  Swamp (0/4) Lair:3
  Snake: Lair:2-4    Spider: Lair:2-4

Altars:
Dithmenos
Elyvilon
Okawaru
Qazlal
Uskayaw
Zin

Shops:
D:3 *   D:6 :}*:(


Innate Abilities, Weirdness & Mutations

You reflexively headbutt those who attack you in melee.
You have a pair of horns on your head.
You are surrounded by a mild repulsion field. (EV +2)
Your body sometimes deteriorates upon taking damage.
You occasionally shout uncontrollably at your foes.


Message History

You see here a spiny frog corpse.
You closely miss the blink frog. You slash the yak!
You block the blink frog's attack.
Unknown command.
You slash the blink frog!
The blink frog is moderately wounded.
You slash the yak! You block the blink frog's attack. The yak gores you.
* * * LOW HITPOINT WARNING * * *
Unknown command.
Your plate armour prevents you from hitting the blink frog.
Your headbutt misses the blink frog.
The blink frog is moderately wounded.
Your shield and plate armour prevent you from hitting the yak.
You block the blink frog's attack. You block the yak's attack.
The blink frog hits you but does no damage.
Unknown command.
You slash the blink frog!
The blink frog is severely wounded.
You hit the yak. The yak gores you but does no damage. The blink frog hits you!
You die...

.....+......## ...# #
#...........## ...#
#######............# .....
.#.#.#...........P## ....#
............P..P..###......
.................#..#......
...........................
...........................
...............F@Y.......#.
##...P##.................#
##.#####(....###+.#......#
#..# #.......# .##........
##.. #......#... ......Y#.
.... ##....##... .........
..... #.....#....##.......
##...###....#..... .....#
..... ##.?.


You could see a yak and a blink frog.

Vanquished Creatures
  A catoblepas (Lair:3)
  Pikel (D:3)
  A black mamba (Lair:3)
  5 spiny frogs
  A rime drake (Lair:2)
  2 komodo dragons
  A troll (D:7)
  Prince Ribbit (D:6)
  Grinder (D:6)
  4 blink frogs (Lair:2)
  2 hippogriffs
  A redback (Lair:3)
  Sigmund (D:4)
  6 water moccasins
  6 porcupines
  2 orc warriors
  2 sky beasts
  An ice beast (D:7)
  A slave (D:4)
  A black bear (Lair:1)
  A necrophage (D:8)
  4 ogres
  A centaur (D:7)
  3 phantoms (D:6)
  4 crocodiles
  18 wolves
  A big kobold (D:6)
  13 bullfrogs
  3 scorpions
  4 wights (D:8)
  An electric eel (D:8)
  4 howler monkeys (D:7)
  A crimson imp (D:6)
  9 hounds
  A bullfrog skeleton (D:8)
  2 orc priests (D:3)
  Crazy Yiuf (D:3)
  3 orc wizards
  A centaur skeleton (D:8)
  Ijyb (D:3)
  2 iguanas
  A worker ant (D:8)
  Natasha (thrice) (D:5)
  Terence (D:3)
  10 adders
  An adder zombie (D:5)
  3 worms
  2 dart slugs
  7 leopard geckos
  26 orcs
  9 bats
  6 giant cockroaches
  11 goblins
  10 hobgoblins
  12 jackals
  10 kobolds
  4 quokkas
  3 ball pythons
  A ball python skeleton (D:5)
  6 frilled lizards
  A giant cockroach zombie (D:6)
  A leopard gecko skeleton (D:4)
  7 rats
254 creatures vanquished.

Vanquished Creatures (others)
  3 hydras
  5 electric eels
  An adder (D:4)
  6 fungi
  A plant (Lair:3)
16 creatures vanquished.

Grand Total: 270 creatures vanquished

Notes
Turn   | Place    | Note
-------+----------+-------------------------------------------
     0 | Abyss:1  | Gargoyl the Minotaur Abyssal Knight began the quest for the Orb.
     0 | Abyss:1  | Reached XP level 1. HP: 19/19 MP: 1/1
     1 | Abyss:1  | Found a corrupted altar of Lugonu.
    65 | Abyss:1  | Noticed an ice beast
    67 | Abyss:1  | Noticed a guardian serpent
    69 | D:1      | Escaped the Abyss
   372 | D:1      | Reached * piety under Lugonu
   383 | D:1      | Reached XP level 2. HP: 21/27 MP: 2/2
   513 | D:1      | HP: 1/27 [poisoned by a kobold]
  1367 | D:1      | Reached XP level 3. HP: 33/33 MP: 3/3
  1981 | D:2      | Reached XP level 4. HP: 40/40 MP: 4/4
  2150 | D:2      | Reached ** piety under Lugonu
  2331 | D:3      | Noticed Ijyb
  2348 | D:3      | Killed Ijyb
  2476 | D:3      | Reached skill level 1 in Shields
  2588 | D:3      | Found a runed door.
  2616 | D:3      | Noticed an ogre
  2621 | D:3      | Killed an ogre
  2621 | D:3      | Reached XP level 5. HP: 28/47 MP: 5/5
  2648 | D:3      | Found Zin's Purification Station.
  2649 | D:3      | Found a glowing silver altar of Zin.
  2814 | D:3      | Found an iron altar of Okawaru.
  3256 | D:3      | Noticed Terence
  3283 | D:3      | Killed Terence
  3283 | D:3      | Reached XP level 6. HP: 53/53 MP: 7/7
  3675 | D:3      | Found a hide-covered altar of Uskayaw.
  3676 | D:3      | Found a stormy altar of Qazlal.
  3732 | D:3      | Reached *** piety under Lugonu
  3766 | D:3      | Noticed Crazy Yiuf
  3784 | D:3      | Killed Crazy Yiuf
  4256 | D:4      | Noticed Pikel
  4256 | D:4      | Noticed a slave
  4256 | D:4      | Noticed a slave
  4256 | D:4      | Noticed a slave
  4256 | D:4      | Noticed a slave
  4308 | D:4      | Killed a slave
  4350 | D:3      | Killed Pikel
  4350 | D:3      | Reached skill level 5 in Fighting
  4350 | D:3      | Reached skill level 5 in Axes
  4350 | D:3      | Reached skill level 5 in Armour
  4350 | D:3      | Reached XP level 7. HP: 21/61 MP: 8/8
  4569 | D:4      | Noticed Sigmund
  4577 | D:4      | Killed Sigmund
  4598 | D:4      | Found a white marble altar of Elyvilon.
  4728 | D:4      | Reached XP level 8. HP: 61/69 MP: 9/9
  5156 | D:5      | Entered Level 5 of the Dungeon
  5314 | D:5      | Noticed Natasha
  5318 | D:5      | Killed Natasha
  5346 | D:5      | Noticed Natasha
  5358 | D:5      | Killed Natasha
  5478 | D:5      | Gained mutation: Your body sometimes deteriorates upon taking damage. [potion of mutation]
  5478 | D:5      | Gained mutation: Your mind is acute. (Int +2) [potion of mutation]
  5821 | D:5      | Noticed Natasha
  5834 | D:5      | Killed Natasha
  5955 | D:6      | Found a shadowy altar of Dithmenos.
  5957 | D:6      | Found Uricerphi's Assorted Antiques.
  5958 | D:6      | Noticed Prince Ribbit
  6232 | D:6      | Bought 2 scrolls labeled UTUTTU UCAE for 36 gold pieces
  6232 | D:6      | Bought a twisted filigree amulet for 90 gold pieces
  6621 | D:6      | Found Kuwn's Weapon Shoppe.
  6656 | D:6      | Found Vigeinafov's Book Shop.
  6821 | D:6      | Found Ceud's Gadget Emporium.
  6830 | D:6      | Reached **** piety under Lugonu
  6842 | D:6      | Found Saphesuc's Book Emporium.
  6997 | D:6      | Noticed Grinder
  7008 | D:6      | Killed Grinder
  7008 | D:6      | Reached XP level 9. HP: 72/77 MP: 11/11
  7340 | D:6      | Killed Prince Ribbit
  7499 | D:7      | Reached skill level 5 in Shields
  7499 | D:7      | Reached skill level 5 in Invocations
  7671 | D:7      | Found a staircase to the Ecumenical Temple.
  8682 | D:8      | Noticed a troll
  8823 | D:7      | Killed a troll
  8823 | D:7      | Reached XP level 10. HP: 14/85 MP: 13/13
 10076 | D:8      | Lost mutation: Your body sometimes deteriorates upon taking damage. [potion of mutation]
 10076 | D:8      | Lost mutation: Your mind is acute. (Int +2) [potion of mutation]
 10076 | D:8      | Gained mutation: You occasionally shout uncontrollably at your foes. [potion of mutation]
 10076 | D:8      | Gained mutation: Your body sometimes deteriorates upon taking damage. [potion of mutation]
 10076 | D:8      | Gained mutation: You are surrounded by a mild repulsion field. (EV +2) [potion of mutation]
 10357 | D:8      | Found a staircase to the Lair.
 10672 | Lair:1   | Entered Level 1 of the Lair of Beasts
 10924 | Lair:1   | Noticed a spiny frog
 10945 | Lair:1   | Killed a spiny frog
 11338 | Lair:1   | Reached skill level 10 in Axes
 11785 | Lair:1   | Noticed a spiny frog
 11795 | Lair:1   | Killed a spiny frog
 12136 | Lair:2   | Noticed a spiny frog
 12151 | Lair:2   | Killed a spiny frog
 12166 | Lair:2   | Reached skill level 10 in Armour
 12324 | Lair:2   | Reached XP level 11. HP: 21/91 MP: 15/15
 12669 | Lair:2   | Noticed a four-headed hydra
 12672 | Lair:2   | Banished a four-headed hydra
 13573 | Lair:3   | Noticed a five-headed hydra
 13573 | Lair:3   | Banished a five-headed hydra
 13613 | Lair:3   | Noticed a six-headed hydra
 13616 | Lair:3   | Banished a six-headed hydra
 13664 | Lair:3   | Found a staircase to the Swamp.
 14142 | Lair:3   | Noticed a catoblepas
 14166 | Lair:3   | Reached skill level 10 in Shields
 14201 | Lair:3   | Killed a catoblepas
 14211 | Lair:3   | Slain by a blink frog

Skill      XL: |  1  2  3  4  5  6  7  8  9 10 11 |
---------------+----------------------------------+-----
Invocations    | 2 3 4 5 7 8 |  8.4
Fighting       | 4 5 6 7 8 |  8.4
Axes           | 3 4 5 7 9 10 11 | 11.3
Armour         | 3 4 5 6 7 8 10 11 | 11.3
Dodging        | 2 3 4 |  4.0
Shields        | 1 2 3 4 6 8 10 | 10.1
Throwing       | |  0.6

Action                   |  1- 3 |  4- 6 |  7- 9 | 10-12 || total
-------------------------+-------+-------+-------+-------++-------
Melee: Hand axe          |    92 |   194 |   374 |   514 ||  1174
       Headbutt          |     8 |    25 |    67 |    95 ||   195
Throw: Javelin           |       |     1 |     3 |     3 ||     7
Invok: Depart the Abyss  |     1 |       |       |       ||     1
       Banish            |       |       |       |    11 ||    11
Evoke: Wand              |       |       |       |     3 ||     3
  Use: Potion            |     3 |     4 |     2 |     5 ||    14
       Scroll            |     5 |     4 |    10 |     5 ||    24
 Stab: Petrified         |       |       |       |    12 ||    12
  Eat: Chunk             |     2 |     9 |    15 |    16 ||    42
       Bread ration      |       |       |       |     1 ||     1
Armor: Leather armour    |    44 |       |       |       ||    44
       Scale mail        |    24 |   104 |   114 |       ||   242
       Skin              |       |    20 |       |       ||    20
       Chain mail        |       |       |    19 |    19 ||    38
       Plate armour      |       |       |       |   227 ||   227
Dodge: Dodged            |    55 |    66 |    69 |   109 ||   299
Block: Shield            |    42 |    81 |    36 |       ||   159
       Large shield      |       |       |   252 |   506 ||   758
